 Dungeon Crawl Stone Soup version 0.21-a0-496-g696f58f (webtiles) character file.

34 slep the Chucker (level 3, 0/26 HPs)
             Began as a Minotaur Wanderer on Nov 24, 2017.
             Succumbed to an adder's poison
             ... on level 2 of the Dungeon.
             The game lasted 00:03:00 (698 turns).

slep the Chucker (Minotaur Wanderer)                 Turns: 698, Time: 00:03:00

Health: 0/26       AC:  3    Str: 18    XL:     3   Next: 14%
Magic:  4/4        EV: 11    Int:  8    God:
Gold:   70         SH:  0    Dex:  9    Spells: 5/5 levels left

rFire    + . .     SeeInvis .   g - +0 short sword (speed)
rCold    . . .     Gourm    .   (no shield)
rNeg     . . .     Faith    .   j - +0 leather armour
rPois    .         Spirit   .   (helmet restricted)
rElec    .         Reflect  .   (no cloak)
rCorr    .         Harm     .   (no gloves)
MR       .....                  (no boots)
Stlth    +.........             (no amulet)
HPRegen  0.08/turn              k - ring of protection from fire
MPRegen  0.09/turn              (no ring)

@: lethally poisoned (0 -> -4)
A: retaliatory headbutt, horns 2
a: no special abilities


You were on level 2 of the Dungeon.
You were not hungry.

You visited 1 branch of the dungeon, and saw 2 of its levels.

You collected 70 gold pieces.

Inventory:

Hand Weapons
 e - a +0 club
 g - a +0 short sword of speed (weapon)
Missiles
 h - 47 stones (quivered)
 n - 3 needles of sleeping
 o - 8 curare-tipped needles
 p - 13 poisoned needles
Armour
 d - a +0 robe
 j - a +0 leather armour (worn)
Jewellery
 k - a ring of protection from fire (left hand)
Scrolls
 m - a scroll of blinking {unknown}
 q - a scroll of magic mapping {unknown}
Potions
 i - a potion of mutation {unknown}
Books
 a - a book of Geomancy

   Spells                             Type                      Level
   a - Sandblast                      Earth                        1
   b - Passwall                       Transmutation/Earth          2
   c - Stone Arrow                    Conjuration/Earth            3
   d - Petrify                        Transmutation/Earth          4
   e - Lee's Rapid Deconstruction     Earth                        5
 b - the Guide on Heat

   Spells                             Type                      Level
   a - Flame Tongue                   Conjuration/Fire             1
   b - Ignite Poison                  Fire/Transmutation/Poison    3
 c - Geusos's Compendium of the Blaze

   Spells                             Type                      Level
   a - Flame Tongue                   Conjuration/Fire             1
   b - Conjure Flame                  Conjuration/Fire             3
Comestibles
 f - a bread ration
 l - a meat ration


   Skills:
 + Level 0.2 Fighting
 + Level 2.7 Throwing
 + Level 0.2 Armour
 + Level 0.8 Dodging
 + Level 1.9 Spellcasting
   Level 1.0 Conjurations
   Level 1.5 Transmutations
   Level 1.0 Fire Magic
   Level 1.3 Poison Magic


You had 5 spell levels left.
You didn't know any spells.

Dungeon Overview and Level Annotations

Branches:
Dungeon (2/15)

Altars:


Innate Abilities, Weirdness & Mutations

You reflexively headbutt those who attack you in melee.
You have a pair of horns on your head.


Message History

You kill the kobold!
You miss the adder. The bat hits you but does no damage. The adder misses you.
The goblin hits you but does no damage.
You barely miss the adder. The bat hits you but does no damage.
The adder bites you.
* * * LOW HITPOINT WARNING * * *
You barely miss the adder. The bat barely misses you. You furiously retaliate!
You headbutt the bat!
You kill the bat!
The goblin closely misses you. The adder bites you.
* * * LOW HITPOINT WARNING * * *
You hit the adder. Your headbutt misses the adder.
The adder is moderately wounded.
The goblin hits you but does no damage. The adder bites you.
* * * LOW HITPOINT WARNING * * *
You are lethally poisoned!
The adder poisons you!
You hit the adder. Your headbutt misses the adder.
The adder is severely wounded.
You die...

....#.......#
..#.......####.........#
...............#.......#
..........######.......#
..........# #######.#
....l.....# #..
..........# ##.
......S...# ##
......g@..# ####
.........## #...
..........###########...
..........(.............
....#####.###########...
.... #.. ########... ...
#### .........## ##
........)# .........#


You could see an adder, a goblin and a frilled lizard.

Vanquished Creatures
  An ooze (D:1)
  A dart slug (D:2)
  A leopard gecko (D:1)
  A bat (D:2)
  A giant cockroach (D:2)
  3 goblins
  5 hobgoblins
  6 kobolds
  A quokka (D:2)
  4 rats
24 creatures vanquished.

Notes
Turn   | Place    | Note
-------+----------+-------------------------------------------
     0 | D:1      | slep the Minotaur Wanderer began the quest for the Orb.
     0 | D:1      | slep set off with: a book of Geomancy, the Guide on Heat, Geusos's Compendium of the Blaze, a +0 robe, a +0 club, a bread ration
     0 | D:1      | Reached XP level 1. HP: 14/14 MP: 1/1
   258 | D:1      | Reached XP level 2. HP: 15/20 MP: 3/3
   669 | D:2      | Reached XP level 3. HP: 14/26 MP: 4/4
   697 | D:2      | HP: 1/26 [adder (2)]
   698 | D:2      | Succumbed to an adder's poison

Vault maps used:
D:1:      minmay_arrival_arboretum_small
D:2:      minmay_tall_x

Action                   || total
-------------------------++-------
Melee: Short sword       ||    65
       Headbutt          ||    12
Armor: Leather armour    ||     8
       Robe              ||     1
Dodge: Dodged            ||    37

Table legend:
 A = Spawn XP
 B = Non-spawn XP
 C = Spawn XP percentage of total XP
 D = Spawn monster count
 E = Non-spawn monster count
 F = Spawn count percentage of total count
 G = Total turns spent on level
                    A         B        C        D         E        F      G
               +---------+---------+-------+---------+---------+-------+---------
         Total |       0 |      49 |   0.0 |       0 |      24 |   0.0 |   698
               +---------+---------+-------+---------+---------+-------+---------
           D:1 |       0 |      28 |   0.0 |       0 |      14 |   0.0 |   585
           D:2 |       0 |      21 |   0.0 |       0 |      10 |   0.0 |   113
               +---------+---------+-------+---------+---------+-------+---------
